 Dungeon Crawl Stone Soup version bcrawl-1.36.3 (webtiles) character file.

Game seed: 12408407205119509042

103336 doomedcactus the Sneak (level 3, -5/39 HPs)
             Began as an Ent Sloth Apostle on June 17, 2022.
             Was an Initiate of Cheibriados.
             Killed from afar by Natasha (14 damage)
             ... with a wand of flame (12)
             ... on level 3 of the Dungeon.
             The game lasted 00:01:54 (1494 turns).

doomedcactus the Sneak (Ent Sloth Apostle)          Turns: 1494, Time: 00:01:55

Health: -5/39      AC: 10    Str: 20    XL:     3   Next: 32%
Magic:  4/4        EV:  6    Int: 19    God:    Cheibriados [......]
Gold:   128        SH:  0    Dex: 10    Spells: 3/4 levels left

rFire    . . .     SeeInvis .   a - +0 mace
rCold    . . .     Gourm    .   b - +0 medium shield
rNeg     + + +     Faith    .   (armour unavailable)
rPois    +         Spirit   .   (helmet restricted)
rElec    .         Reflect  .   (no cloak)
rCorr    .                      (gloves unavailable)
MR       .....                  (boots unavailable)
Stlth    +.........             (no amulet)
HPRegen  0.13/turn              (no ring)
MPRegen  0.09/turn              (no ring)

@: confused, brilliant, slowed, very slow
A: large, slow actions, passwall, strong branches, negative energy resistance 3,
poison resistance, slow metabolism 1, torment resistance, unbreathing, AC +10
a: Passwall, Bend Time, Renounce Religion


You were on level 3 of the Dungeon.
You worshipped Cheibriados.
Cheibriados was noncommittal.
You were hungry.

You visited 1 branch of the dungeon, and saw 3 of its levels.

You collected 128 gold pieces.

Inventory:

Hand Weapons
 a - a +0 mace (weapon)
Armour
 b - a +0 medium shield (worn)
Jewellery
 f - an uncursed ring of insulation {unknown}
 l - an uncursed amulet of regeneration {unknown}
 p - an uncursed ring of resist corrosion
Wands
 c - a wand of paralysis (10)
Scrolls
 g - 3 scrolls of enchant armour {unknown}
 i - a scroll of identify
 j - a scroll of magic mapping {unknown}
 k - a scroll of remove curse {unknown}
 q - a scroll of teleportation {unknown}
Potions
 d - a potion of brilliance
 m - 2 potions of flight {unknown}
 n - 2 potions of might {unknown}
Comestibles
 e - 10 rations {!d}


   Skills:
 * Level 2.5 Fighting
 * Level 3.3 Maces & Flails
 * Level 0.9 Dodging
 + Level 4.1 Stealth
 + Level 1.6 Shields
 - Level 1.2 Spellcasting
 - Level 2.0 Hexes
 * Level 0.7 Invocations
 + Level 0.8 Evocations


You had 3 spell levels left.
You knew the following spells:

 Your Spells              Type           Power        Failure   Level  Hunger
a - Slow                  Hex            ###.....     7%          1    None
Your spell library was empty.

Dungeon Overview and Level Annotations

Branches:
Dungeon (3/12)

Altars:
Fedhas

Annotations:
D:3 Natasha


Innate Abilities, Weirdness & Mutations

You move and act slowly.
You can pass through walls and trees.
Your branches can wield two-handed weapons with a shield.
Your thick bark is tough. (AC +10)
You are too large for most types of armour.
You are immune to negative energy. (rN+++)
Your system is resistant to poisons. (rPois)
You have a slow metabolism.
You are immune to unholy pain and torment.
You can survive without breathing.


Message History

You feel yourself speed up.
Natasha zaps a wand.
The puff of flame hits you!
* * * LOW HITPOINT WARNING * * *
Natasha growls.
The iron imp hits you.
* * * LOW HITPOINT WARNING * * *
It was a potion of brilliance.
You feel clever all of a sudden. The iron imp closely misses you.
You block the iron imp's attack.
Natasha stares at you and mumbles some strange words.
You feel yourself slow down.
You see here a +0 club.
Natasha mumbles some strange words.
Natasha howls an incantation.
Natasha's front paws start to glow.
It was a potion of ambrosia.
You are confused.
You feel invigorated.
Natasha zaps a wand.
The puff of flame hits you!
You die...

######+ ........... #.....#
#.#.#.#.#.. #.##..#.
#..........
#.##..#.######.#.#.#.#.#
#.##..#.....##.........#
#.##..#####.##.#.#.#.#.#
#.##......#.##.........#
#.###.....#.##.#.#.#.#.#
######.# ##....#@##.........#
#.)....####....#h##h###.#####
..######......##.#§.# .#
#.#...<#.#######5..## #
####.....# #####.#####
..†..#.### #.........#
######..####.#######.#
.....#..#.......#
####....#.##.##.#


You could see an iron imp and Natasha.

Vanquished Creatures
  A worm (D:2)
  A dart slug (D:1)
  3 leopard geckos
  An orc (D:2)
  A bat (D:3)
  A giant cockroach (D:2)
  5 goblins
  6 hobgoblins
  6 kobolds
  A quokka (D:2)
  2 frilled lizards
  3 rats (D:2)
31 creatures vanquished.

Notes
Turn   | Place    | Note
-------+----------+-------------------------------------------
     0 | D:1      | doomedcactus the Ent Sloth Apostle began the quest for the
                  | Orb.
     0 | D:1      | Reached XP level 1. HP: 22/22 MP: 2/2
   273 | D:1      | Reached XP level 2. HP: 30/30 MP: 3/3
   445 | D:1      | Reached skill level 4 in Stealth
   703 | D:2      | Found a blossoming altar of Fedhas.
   786 | D:2      | Found a faded altar of an unknown god.
   993 | D:2      | Reached XP level 3. HP: 38/39 MP: 4/4
  1479 | D:3      | Noticed Natasha
  1494 | D:3      | Killed from afar by Natasha

Skill      XL: |  1  2 |
---------------+-------+-----
Stealth        | 4 |  4.1
Maces & Flails | 3 |  3.3
Fighting       | |  2.5
Dodging        | |  0.9
Shields        | |  1.6
Spellcasting   | |  1.2
Hexes          | |  2.0
Invocations    | |  0.7
Evocations     | |  0.8

Action                   || total
-------------------------++-------
Melee: Mace              ||    87
  Use: Potion            ||     2
 Stab: Sleeping          ||     6
  Eat: Chunk             ||     5
Armor: Skin              ||    56
Dodge: Dodged            ||    21
Block: Medium shield     ||    49
